[ AOE2 MATCH · #495890218 ]
UnrankedHuns vs Tupi
Player's team · WIN
Rival team · LOSS
[ REPLAY ANALYSIS · EXTRACTED FROM THE RECORDED GAME ]
Feudal
8:53
Castle
21:37
Imperial
37:57
| APM avg | 65.6 |
| APM peak | 99 |
| eAPM avg | 24.8 |
| Villagers / military | 181 / 223 |
Focus
⚔️ 39.9% · 🌾 60.1%
Cavalry Archer ×193 · Scout Cavalry ×15 · Trebuchet (Packed) ×9 · Monk ×4 · Mangonel ×2
Feudal
9:00
Castle
23:36
Imperial
40:02
| APM avg | 69.3 |
| APM peak | 124 |
| eAPM avg | 41.3 |
| Villagers / military | 206 / 183 |
Focus
⚔️ 46.8% · 🌾 53.2%
Unknown (2550) ×246 · Skirmisher ×159 · Unknown (2579) ×44 · Spearman ×12 · Trebuchet (Packed) ×7 · Petard ×5
Match map
Initial resources + every placement click. Lines = walls · curves = elevation contours. ◆ gold · ⬟ stone · ● berries · ✦ relic · ◌ wall gap
Your base· Open — opponent sealed themselves in
乌龙珍珠拿铁's base· ✓ Closed at 23:36 · 68t walls · no gate
Smoothed initial terrain · ◌ = detected wall gap · hover for details
Inputs per minute
— 73_Quảng Bình - - 乌龙珍珠拿铁
Build order — 73_Quảng Bình
First 150 of 535 actions detected
| 0:00 | Queue | Villager (Male) |
| 0:00 | Queue | Villager (Male) |
| 0:00 | Queue | Villager (Male) |
| 0:01 | Queue | Villager (Male) |
| 0:01 | Queue | Villager (Male) |
| 1:20 | Queue | Villager (Male) |
| 1:20 | Queue | Villager (Male) |
| 1:42 | Queue | Villager (Male) |
| 2:16 | Build | Lumber Camp |
| 2:18 | Queue | Villager (Male) |
| 2:22 | Queue | Villager (Male) |
| 2:52 | Queue | Villager (Male) |
| 2:52 | Queue | Villager (Male) |
| 3:23 | Queue | Villager (Male) |
| 3:24 | Queue | Villager (Male) |
| 3:55 | Queue | Villager (Male) |
| 4:22 | Build | Mill |
| 4:33 | Queue | Villager (Male) |
| 4:33 | Queue | Villager (Male) |
| 4:34 | Queue | Villager (Male) |
| 4:43 | Queue | Villager (Male) |
| 5:20 | Queue | Villager (Male) |
| 5:29 | Queue | Villager (Male) |
| 5:32 | Queue | Villager (Male) |
| 5:35 | Queue | Villager (Male) |
| 6:07 | Research | Loom |
| 6:43 | Research | Feudal Age |
| 8:00 | Build | Barracks |
| 8:53 | Age | Feudal Age |
| 8:54 | Build | Stable |
| 9:01 | Queue | Villager (Male) |
| 9:11 | Queue | Villager (Male) |
| 9:13 | Research | Double-Bit Axe |
| 9:14 | Research | Horse Collar |
| 9:14 | Research | Horse Collar |
| 9:34 | Queue | Scout Cavalry |
| 9:34 | Queue | Scout Cavalry |
| 9:40 | Build | Palisade Wall |
| 9:51 | Queue | Villager (Male) |
| 10:17 | Queue | Villager (Male) |
| 10:18 | Queue | Villager (Male) |
| 10:21 | Queue | Scout Cavalry |
| 10:24 | Build | Farm |
| 10:25 | Build | Farm |
| 10:26 | Build | Farm |
| 10:51 | Queue | Scout Cavalry |
| 10:57 | Queue | Villager (Male) |
| 11:20 | Build | Farm |
| 11:22 | Build | Farm |
| 11:25 | Build | Palisade Wall |
| 11:33 | Queue | Villager (Male) |
| 11:34 | Queue | Scout Cavalry |
| 11:41 | Build | Palisade Wall |
| 11:42 | Build | Palisade Wall |
| 11:57 | Queue | Villager (Male) |
| 11:59 | Build | Farm |
| 12:00 | Build | Farm |
| 12:02 | Build | Farm |
| 12:31 | Queue | Villager (Male) |
| 12:32 | Queue | Scout Cavalry |
| 12:48 | Queue | Villager (Male) |
| 13:03 | Build | Palisade Wall |
| 13:15 | Build | Palisade Wall |
| 13:20 | Queue | Villager (Male) |
| 13:26 | Build | Palisade Wall |
| 13:26 | Build | Palisade Wall |
| 13:32 | Queue | Scout Cavalry |
| 14:05 | Build | Palisade Wall |
| 14:06 | Build | Palisade Wall |
| 14:21 | Build | Farm |
| 14:22 | Queue | Villager (Male) |
| 14:22 | Queue | Villager (Male) |
| 14:23 | Build | Farm |
| 14:24 | Build | Farm |
| 14:27 | Build | Farm |
| 14:27 | Build | Farm |
| 14:54 | Queue | Villager (Male) |
| 14:55 | Queue | Villager (Male) |
| 15:05 | Build | Farm |
| 15:05 | Build | Farm |
| 15:06 | Build | Farm |
| 15:13 | Build | Palisade Wall |
| 15:27 | Queue | Scout Cavalry |
| 15:33 | Queue | Villager (Male) |
| 15:52 | Build | Blacksmith |
| 16:09 | Queue | Villager (Male) |
| 16:14 | Build | Watch Tower |
| 16:43 | Research | Wheelbarrow |
| 17:11 | Build | Farm |
| 17:14 | Queue | Villager (Male) |
| 17:18 | Build | Mining Camp |
| 18:31 | Queue | Villager (Male) |
| 18:52 | Build | Archery Range |
| 18:57 | Research | Castle Age |
| 19:08 | Research | Gold Mining |
| 19:27 | Build | Archery Range |
| 19:40 | Research | Forging |
| 19:47 | Build | Lumber Camp |
| 20:11 | Research | Bloodlines |
| 20:11 | Research | Bloodlines |
| 20:14 | Research | Fletching |
| 20:46 | Build | Archery Range |
| 21:05 | Build | Lumber Camp |
| 21:06 | Build | Palisade Wall |
| 21:37 | Age | Castle Age |
| 21:39 | Queue | Cavalry Archer |
| 21:39 | Queue | Cavalry Archer |
| 21:39 | Queue | Cavalry Archer |
| 21:41 | Queue | Villager (Male) |
| 21:44 | Research | Light Cavalry (upgrade) |
| 21:59 | Queue | Villager (Male) |
| 22:00 | Research | Bodkin Arrow |
| 22:11 | Queue | Villager (Male) |
| 22:13 | Queue | Villager (Male) |
| 22:13 | Queue | Villager (Male) |
| 22:22 | Queue | Cavalry Archer |
| 22:42 | Queue | Villager (Male) |
| 22:44 | Queue | Cavalry Archer |
| 22:47 | Queue | Villager (Male) |
| 22:47 | Queue | Villager (Male) |
| 22:50 | Build | Mining Camp |
| 23:17 | Queue | Cavalry Archer |
| 23:17 | Queue | Cavalry Archer |
| 23:18 | Queue | Villager (Male) |
| 23:18 | Queue | Villager (Male) |
| 23:51 | Queue | Villager (Male) |
| 23:51 | Queue | Villager (Male) |
| 23:52 | Queue | Cavalry Archer |
| 23:53 | Queue | Cavalry Archer |
| 23:53 | Queue | Cavalry Archer |
| 23:53 | Queue | Cavalry Archer |
| 23:54 | Queue | Villager (Male) |
| 24:14 | Queue | Villager (Male) |
| 24:15 | Queue | Villager (Male) |
| 24:17 | Build | Farm |
| 24:17 | Build | Farm |
| 24:18 | Build | Farm |
| 24:19 | Build | Farm |
| 24:24 | Build | University |
| 24:41 | Queue | Cavalry Archer |
| 24:42 | Queue | Cavalry Archer |
| 24:42 | Queue | Cavalry Archer |
| 24:42 | Queue | Cavalry Archer |
| 24:42 | Queue | Cavalry Archer |
| 25:21 | Queue | Cavalry Archer |
| 25:21 | Queue | Villager (Male) |
| 25:22 | Queue | Villager (Male) |
| 25:22 | Queue | Villager (Male) |
| 25:25 | Research | Bow Saw |
| 25:26 | Queue | Villager (Male) |
Build order — 乌龙珍珠拿铁
First 150 of 889 actions detected
| 0:01 | Queue | Villager (Male) |
| 0:01 | Queue | Villager (Male) |
| 0:02 | Queue | Villager (Male) |
| 0:03 | Build | House |
| 0:04 | Build | House |
| 0:07 | Queue | Villager (Male) |
| 0:07 | Queue | Villager (Male) |
| 0:07 | Queue | Villager (Male) |
| 1:07 | Queue | Villager (Male) |
| 1:07 | Queue | Villager (Male) |
| 1:07 | Queue | Villager (Male) |
| 1:38 | Queue | Villager (Male) |
| 1:38 | Queue | Villager (Male) |
| 2:08 | Build | Settlement |
| 2:12 | Build | Settlement |
| 2:30 | Queue | Villager (Male) |
| 2:31 | Queue | Villager (Male) |
| 2:56 | Queue | Villager (Male) |
| 2:56 | Queue | Villager (Male) |
| 4:13 | Queue | Villager (Male) |
| 4:14 | Queue | Villager (Male) |
| 4:14 | Queue | Villager (Male) |
| 4:41 | Queue | Villager (Male) |
| 5:26 | Queue | Villager (Male) |
| 5:34 | Build | Barracks |
| 5:54 | Queue | Villager (Male) |
| 6:18 | Research | Loom |
| 6:47 | Queue | Villager (Male) |
| 6:50 | Research | Feudal Age |
| 6:50 | Research | Feudal Age |
| 7:01 | Queue | Unit 2550 |
| 7:01 | Queue | Unit 2550 |
| 7:01 | Queue | Unit 2550 |
| 7:09 | Build | Settlement |
| 7:30 | Queue | Unit 2550 |
| 7:30 | Queue | Unit 2550 |
| 8:31 | Queue | Villager (Male) |
| 8:32 | Queue | Villager (Male) |
| 9:00 | Age | Feudal Age |
| 9:01 | Research | Tech 1402 |
| 9:01 | Research | Tech 1402 |
| 9:14 | Build | Settlement |
| 9:16 | Research | Double-Bit Axe |
| 9:16 | Research | Double-Bit Axe |
| 9:36 | Build | Palisade Wall |
| 9:37 | Build | Palisade Wall |
| 9:38 | Build | Palisade Wall |
| 9:42 | Queue | Unit 2550 |
| 9:51 | Queue | Villager (Male) |
| 9:51 | Queue | Villager (Male) |
| 10:15 | Queue | Spearman |
| 10:15 | Queue | Spearman |
| 10:18 | Queue | Unit 2550 |
| 10:22 | Queue | Villager (Male) |
| 10:35 | Build | Farm |
| 10:35 | Build | Farm |
| 10:35 | Build | Farm |
| 10:35 | Build | Farm |
| 10:39 | Queue | Spearman |
| 10:50 | Queue | Villager (Male) |
| 11:18 | Queue | Villager (Male) |
| 11:19 | Build | Farm |
| 11:21 | Build | Farm |
| 11:26 | Queue | Villager (Male) |
| 11:39 | Build | Palisade Wall |
| 11:45 | Queue | Unit 2550 |
| 12:08 | Research | Town Watch |
| 12:15 | Build | House |
| 12:27 | Queue | Villager (Male) |
| 12:30 | Build | Farm |
| 12:40 | Queue | Villager (Male) |
| 12:45 | Build | House |
| 12:50 | Build | Settlement |
| 12:53 | Build | Palisade Wall |
| 12:59 | Queue | Spearman |
| 13:15 | Build | Palisade Wall |
| 13:16 | Build | House |
| 13:39 | Queue | Villager (Male) |
| 13:40 | Build | Palisade Wall |
| 13:41 | Build | Palisade Wall |
| 13:45 | Queue | Villager (Male) |
| 13:45 | Queue | Villager (Male) |
| 13:49 | Build | Settlement |
| 14:04 | Queue | Villager (Male) |
| 14:11 | Build | House |
| 14:25 | Build | Farm |
| 14:26 | Build | Farm |
| 14:26 | Queue | Villager (Male) |
| 14:41 | Queue | Villager (Male) |
| 14:44 | Build | Palisade Wall |
| 14:52 | Queue | Spearman |
| 14:52 | Queue | Spearman |
| 14:56 | Build | Palisade Wall |
| 15:12 | Queue | Spearman |
| 15:13 | Queue | Villager (Male) |
| 15:21 | Build | Farm |
| 15:22 | Build | Farm |
| 15:22 | Queue | Villager (Male) |
| 15:41 | Build | Farm |
| 15:41 | Queue | Villager (Male) |
| 15:58 | Build | Farm |
| 16:06 | Build | Palisade Wall |
| 16:09 | Build | Palisade Wall |
| 16:19 | Queue | Spearman |
| 16:32 | Build | House |
| 16:33 | Queue | Villager (Male) |
| 16:36 | Queue | Spearman |
| 16:43 | Queue | Spearman |
| 16:51 | Build | Farm |
| 16:52 | Build | Farm |
| 16:54 | Research | Horse Collar |
| 16:54 | Research | Horse Collar |
| 17:07 | Build | Farm |
| 17:08 | Queue | Villager (Male) |
| 17:13 | Build | Palisade Wall |
| 17:14 | Build | Palisade Wall |
| 17:14 | Build | Palisade Wall |
| 17:19 | Build | Palisade Wall |
| 17:29 | Queue | Villager (Male) |
| 17:29 | Queue | Villager (Male) |
| 17:32 | Build | Farm |
| 17:33 | Build | Farm |
| 17:33 | Queue | Villager (Male) |
| 17:53 | Queue | Villager (Male) |
| 18:12 | Build | Palisade Wall |
| 18:19 | Queue | Villager (Male) |
| 18:26 | Build | Farm |
| 18:26 | Build | Farm |
| 18:27 | Queue | Villager (Male) |
| 18:30 | Build | Farm |
| 18:50 | Build | House |
| 18:51 | Queue | Villager (Male) |
| 18:55 | Build | Farm |
| 19:02 | Queue | Villager (Male) |
| 19:14 | Build | House |
| 19:24 | Build | Blacksmith |
| 19:28 | Queue | Spearman |
| 19:29 | Queue | Villager (Male) |
| 19:50 | Build | Palisade Wall |
| 20:06 | Queue | Villager (Male) |
| 20:11 | Build | Archery Range |
| 20:14 | Build | Archery Range |
| 20:30 | Queue | Villager (Male) |
| 20:49 | Research | Castle Age |
| 20:49 | Research | Castle Age |
| 21:46 | Research | Fletching |
| 21:47 | Research | Padded Archer Armor |
| 22:05 | Build | Market |
| 22:07 | Queue | Villager (Male) |
| 22:14 | Build | Settlement |
Match timeline
| 5:34 | 乌龙珍珠拿铁 · first_building Barracks |
| 8:00 | 73_Quảng Bình · first_building Barracks |
| 8:53 | 73_Quảng Bình · age_up feudal |
| 8:54 | 73_Quảng Bình · first_building Stable |
| 9:00 | 乌龙珍珠拿铁 · age_up feudal |
| 9:36 | 乌龙珍珠拿铁 · wall_segment Palisade Wall x1 |
| 9:37 | 乌龙珍珠拿铁 · wall_segment Palisade Wall x1 |
| 9:38 | 乌龙珍珠拿铁 · wall_segment Palisade Wall x1 |
| 9:40 | 73_Quảng Bình · wall_segment Palisade Wall x6 |
| 11:25 | 73_Quảng Bình · wall_segment Palisade Wall x10 |
| 11:39 | 乌龙珍珠拿铁 · wall_segment Palisade Wall x13 |
| 11:41 | 73_Quảng Bình · wall_segment Palisade Wall x5 |
| 11:42 | 73_Quảng Bình · wall_segment Palisade Wall x5 |
| 12:53 | 乌龙珍珠拿铁 · wall_segment Palisade Wall x8 |
| 13:03 | 73_Quảng Bình · wall_segment Palisade Wall x1 |
| 13:15 | 73_Quảng Bình · wall_segment Palisade Wall x13 |
| 13:15 | 乌龙珍珠拿铁 · wall_segment Palisade Wall x1 |
| 13:26 | 73_Quảng Bình · wall_segment Palisade Wall x1 |
| 13:26 | 73_Quảng Bình · wall_segment Palisade Wall x1 |
| 13:40 | 乌龙珍珠拿铁 · wall_segment Palisade Wall x2 |
| 13:41 | 乌龙珍珠拿铁 · wall_segment Palisade Wall x1 |
| 14:05 | 73_Quảng Bình · wall_segment Palisade Wall x1 |
| 14:06 | 73_Quảng Bình · wall_segment Palisade Wall x1 |
| 14:44 | 乌龙珍珠拿铁 · wall_segment Palisade Wall x1 |
| 14:56 | 乌龙珍珠拿铁 · wall_segment Palisade Wall x8 |
| 15:13 | 73_Quảng Bình · wall_segment Palisade Wall x2 |
| 16:06 | 乌龙珍珠拿铁 · wall_segment Palisade Wall x14 |
| 16:09 | 乌龙珍珠拿铁 · wall_segment Palisade Wall x12 |
| 17:13 | 乌龙珍珠拿铁 · wall_segment Palisade Wall x1 |
| 17:14 | 乌龙珍珠拿铁 · wall_segment Palisade Wall x1 |
| 17:14 | 乌龙珍珠拿铁 · wall_segment Palisade Wall x1 |
| 17:19 | 乌龙珍珠拿铁 · wall_segment Palisade Wall x1 |
| 18:12 | 乌龙珍珠拿铁 · wall_segment Palisade Wall x1 |
| 18:52 | 73_Quảng Bình · first_building Archery Range |
| 19:50 | 乌龙珍珠拿铁 · wall_segment Palisade Wall x1 |
| 20:11 | 乌龙珍珠拿铁 · first_building Archery Range |
| 21:06 | 73_Quảng Bình · wall_segment Palisade Wall x1 |
| 21:37 | 73_Quảng Bình · age_up castle |
| 23:32 | 乌龙珍珠拿铁 · first_market_sell 100 food |
| 23:33 | 乌龙珍珠拿铁 · first_market_buy 100 stone |
| 23:36 | 乌龙珍珠拿铁 · age_up castle |
| 23:39 | 乌龙珍珠拿铁 · first_building Castle |
| 31:09 | 73_Quảng Bình · first_building Monastery |
| 33:21 | 73_Quảng Bình · first_building Siege Workshop |
| 34:44 | 乌龙珍珠拿铁 · first_building Siege Workshop |
| 37:13 | 73_Quảng Bình · first_building Castle |
| 37:57 | 73_Quảng Bình · age_up imperial |
| 38:02 | 73_Quảng Bình · first_market_sell 100 food |
| 40:02 | 乌龙珍珠拿铁 · age_up imperial |
| 41:21 | 乌龙珍珠拿铁 · wall_segment Stone Wall x10 |
| 43:46 | 73_Quảng Bình · first_market_buy 100 wood |
| 55:10 | 乌龙珍珠拿铁 · resign |
[ AI ANALYSIS · 1 CREDIT ]
What really happened in this match?
Wolo.gg analyzes every decision: build order, eco, micro, common mistakes by bracket. Personalized analysis on WhatsApp or Discord in 30 seconds.
Civ guide
Huns
Perfil
Jugador #20104886